[Event "53rd Indian Junior Open-ch 2024"]
[Site "Karnal"]
[Date "2024.09.20"]
[Round "6.10"]
[White "Vishal Choudary B"]
[Black "Adireddy Arjun"]
[Result "0-1"]
[ECO "D30"]
[WhiteElo "1937"]
[BlackElo "2343"]
[Annotator "TA"]
[PlyCount "62"]
[EventDate "2024.09.16"]
[EventType "swiss"]
[EventCountry "IND"]
[SourceTitle "playchess.com"]
[Source "ChessBase"]
[SourceQuality "1"]
[TimeControl "5400+30"]

1. d4 d5 2. c4 c6 3. Nf3 Nf6 4. e3 e6 5. Nbd2 Nbd7 6. b3 Bd6 7. Bb2 b6 8. Bd3 Bb7 9. e4 dxe4 {[%emt 0:00:30] The position is equal.} 10. Nxe4 Nxe4 11. Bxe4 Nf6 12. Bc2 c5 13. Qe2 cxd4 14. O-O-O Qe7 15. Nxd4 O-O 16. Kb1 Rad8 (16... Ba3 $11) 17. f3 (17. Nb5 $14 Bc5 18. Nxa7) 17... Bc5 (17... a6 $1 $11) 18. g4 $14 Rd7 19. Qd3 ({White should try} 19. Rd3 $14) 19... Bxd4 20. g5 (20. Bxd4 $11 Rxd4 (20... e5 21. Rhe1 $14) 21. Qxd4 Bxf3 22. g5 Bxd1 23. Rxd1) 20... Ne4 21. fxe4 e5 22. Bc1 (22. h4 $11) 22... a6 {[%emt 0:00:30][%cal Ob6b5] Black is more active.} 23. h4 Rc8 24. g6 b5 ({Better is} 24... fxg6 $17 25. h5 gxh5 26. Rxh5 g6) 25. h5 (25. cxb5 $15 Rdc7 26. gxf7+ Qxf7 27. Rd2 (27. Rhf1 Qg6 $19) 27... axb5 28. Qe2) 25... bxc4 $17 (25... hxg6 $2 26. hxg6 Qe6 27. Qg3 (27. cxb5 fxg6 28. Qe2 Rf7 $11) (27. gxf7+ Rxf7 28. Qg3 bxc4 $14) 27... Qxg6 28. Qh3 $18) 26. bxc4 {[%emt 0:00:30][%mdl 8192] Now White is beyond hope.} (26. Qe2 $17 {was called for.}) 26... a5 (26... hxg6 27. hxg6 Qe6 (27... fxg6 $2 28. c5 $18) 28. Rh4 $16 (28. gxf7+ Rxf7 29. Rh4 Bc6 $16)) (26... Rb8 $142 27. Bb3 a5) 27. Ba3 $19 Qe6 {[%emt 0:00:30] [#] Strongly threatening ...Ba6.} 28. Qf3 (28. c5 $142 Rb8 (28... fxg6 $2 29. Bb3 $18) (28... hxg6 29. hxg6 Rb8 30. Qb3 $17) 29. Qb3) 28... Ba6 (28... Rxc4 29. Bb3 a4 30. Bxc4 Qxc4 31. Bb2 $17) (28... fxg6 29. hxg6 Qxg6 30. Rhf1 $19) (28... hxg6 29. hxg6 fxg6 (29... Rxc4 30. Rh8+ Kxh8 31. Qh5+ Kg8 32. Qh7#) (29... Qxg6 30. Rh5 $17) 30. Bb2 $17) (28... Qxc4 29. Bb3 Rb8 30. Bb2 $16 (30. Bxc4 $2 Bxe4+ 31. Kc1 Be3+ 32. Qxe3 Rb1#) (30. gxf7+ Rxf7 31. Bxc4 Bxe4+ 32. Kc1 Bxf3 $14)) 29. c5 $2 (29. Bb2 Bxc4 (29... fxg6 30. Bxd4 Rxd4 31. c5 $17) 30. Ka1) 29... Rb8+ ({Weaker is} 29... fxg6 30. Bb3 Bc4 31. hxg6 $19) (29... hxg6 30. hxg6 Qxg6 31. Rh5 Rb8+ 32. Bb3 $11) 30. Kc1 Qxa2 31. c6 Bb2+ {[%emt 0:00:30] Weighted Error Value: White=0.87/Black=0.26 (precise) .  Loses game:     	White=1     	---        Mistake:       	White=8     	Black=4      Inaccurate:     	White=3     	Black=2      OK:         	White=7     	Black=6      Best:        	White=2     	Black=2} 0-1

[Event "53rd Indian Junior Open-ch 2024"]
[Site "Karnal"]
[Date "2024.09.20"]
[Round "7.2"]
[White "Madhvendra Pratap Sharma"]
[Black "Daksh Goyal"]
[Result "1-0"]
[ECO "B30"]
[WhiteElo "2061"]
[BlackElo "2026"]
[Annotator "RC"]
[PlyCount "113"]
[EventDate "2024.09.16"]
[EventType "swiss"]
[EventCountry "IND"]
[SourceTitle "playchess.com"]
[Source "ChessBase"]
[SourceQuality "1"]
[TimeControl "5400+30"]

1. e4 c5 2. Nf3 Nc6 3. Nc3 e5 4. Bc4 g6 5. d3 h6 6. Nd5 Bg7 7. Be3 d6 8. c3 Nf6 9. h3 Be6 10. Qb3 Nxd5 11. Bxd5 Bxd5 12. Qxd5 Qe7 13. h4 O-O 14. a3 Nd8 15. h5 g5 16. Nd2 Ne6 17. b4 Nf4 18. Bxf4 exf4 19. Rc1 Rac8 20. b5 Rc7 21. Nc4 Qe6 22. Kd2 Rd7 23. f3 Rfd8 24. Rhe1 Kf8 25. a4 Re8 26. Kc2 Bf6 27. Kb3 Red8 28. Re2 Re8 29. Rce1 Bg7 30. a5 Bh8 31. Qxe6 Rxe6 32. a6 bxa6 33. bxa6 Bf6 34. Na3 d5 35. exd5 Rxa6 36. Re8+ Kg7 37. Nb5 Rxd5 38. Kc4 Rd7 39. Rc8 Ra4+ 40. Kxc5 Rxd3 41. c4 Re3 42. Rc1 Ra2 43. Nc7 Be5 44. Ne8+ Kh7 45. Rd1 Ra5+ 46. Kc6 Rc3 47. Kb7 Rb3+ 48. Ka8 Bg7 49. Rd7 Rf5 50. Nd6 Rd3 51. Rcc7 Rf6 52. Ne8 Re6 53. Rxd3 Rxe8+ 54. Kxa7 Re2 55. Rxf7 Kg8 56. Rc7 Bf6 57. Rdd7 1-0

[Event "53rd Indian Junior Open-ch 2024"]
[Site "Karnal"]
[Date "2024.09.20"]
[Round "7.3"]
[White "Arshpreet Singh"]
[Black "Manish Anto Cristiano F"]
[Result "0-1"]
[ECO "C95"]
[WhiteElo "1905"]
[BlackElo "2364"]
[Annotator "TA"]
[PlyCount "110"]
[EventDate "2024.09.16"]
[EventType "swiss"]
[EventCountry "IND"]
[SourceTitle "playchess.com"]
[Source "ChessBase"]
[SourceQuality "1"]
[TimeControl "5400+30"]

1. e4 e5 2. Nf3 Nc6 3. Bb5 a6 4. Ba4 Nf6 5. O-O Be7 6. Re1 b5 7. Bb3 O-O 8. c3 d6 9. h3 Nb8 10. d4 Nbd7 11. Nbd2 Bb7 12. Bc2 Re8 13. Nf1 Bf8 14. Ng3 g6 15. Bg5 h6 16. Bd2 Bg7 17. a4 c5 18. d5 c4 19. axb5 axb5 {[%emt 0:00:19] The position is equal.} 20. h4 Rxa1 21. Qxa1 Nc5 22. h5 Nxh5 23. Nxh5 gxh5 24. g3 {[%emt 0:02:21] [#]} (24. Be3 $11 {keeps the balance.}) 24... f5 $1 $17 25. exf5 Bxd5 26. Nh4 e4 27. Qd1 Nd3 (27... Bf7 $19 28. Ng6 Nd3 29. Bxd3 exd3 30. Rxe8+ Qxe8 31. Qxh5 Qe4) 28. f6 (28. Bxd3 $142 exd3 29. Ng6) 28... Qxf6 29. Bxd3 cxd3 30. Qxh5 Re5 {[%emt 0:03:05] Active counter play!} 31. Qg4 Qe6 (31... Be6 {is more complex.} 32. Qg6 Bf7 33. Qxf6 Bxf6 34. f3 d5) 32. Qxe6+ Rxe6 (32... Bxe6 33. Ng6 Rg5 34. Nf4 $11 (34. Bxg5 $2 hxg5 35. Ne7+ Kf8 $19)) 33. Nf5 Bf8 34. Nd4 Re7 35. Ra1 {[%emt 0:06:00][%cal Oa1a5] Against Ra7} Bg7 36. Nxb5 Rb7 37. c4 Bc6 (37... Bxc4 $2 {is the wrong capture.} 38. Nxd6 Rxb2 (38... Rc7 $2 39. Rc1 $18) 39. Nxc4 $18) (37... Bxb2 38. Ra8+ Kh7 39. Nxd6 $16) 38. Ra8+ Kh7 {[%emt 0:00:41] Hoping for ...Rxb5.} 39. Ra7 Rxa7 40. Nxa7 {[%emt 0:00:11][%mdl 4096] Endgame. KBB-KBN} Bd7 41. Nb5 d5 42. b3 {[%emt 0:03:21][%mdl 8192] This move loses the game for White.} (42. Nd6 $17) 42... Bxb5 $19 43. cxb5 {[%emt 0:00:04] Threatens to win with b6. KB-KB} Bd4 44. Kf1 {[%emt 0:01:22] [#]} Bb6 $1 45. b4 d4 46. Bf4 e3 {[%emt 0:00:45] Black mates.} 47. fxe3 dxe3 48. Bd6 Bd4 49. Bf4 h5 50. Bxe3 Bxe3 {[%emt 0:00:05] KB-K3P} 51. Ke1 Kg6 52. b6 Kf5 53. b7 Ba7 54. Kd2 Ke4 55. b5 Bb8 {[%emt 0:14:25] Weighted Error Value: White=0.60/Black=0.08 (flawless) .  Loses game:     	White=1     	---        Mistake:       	White=2     	Black=1      Inaccurate:     	White=3     	Black=2      OK:         	White=10    	Black=5      Best:        	White=2     	Black=4      Brilliant:      	---       	Black=1} 0-1

[Event "53rd Indian Junior Open-ch 2024"]
[Site "Karnal"]
[Date "2024.09.20"]
[Round "7.4"]
[White "Sadbhav Rautela"]
[Black "Sourath Biswas"]
[Result "0-1"]
[ECO "C00"]
[WhiteElo "1817"]
[BlackElo "2305"]
[Annotator "RC"]
[PlyCount "52"]
[EventDate "2024.09.16"]
[EventType "swiss"]
[EventCountry "IND"]
[SourceTitle "playchess.com"]
[Source "ChessBase"]
[SourceQuality "1"]
[TimeControl "5400+30"]

1. e4 c5 2. Nf3 e6 3. g3 Nc6 4. Bg2 Nf6 5. Qe2 d5 6. d3 Be7 7. O-O b5 8. exd5 exd5 9. c4 bxc4 10. dxc4 Ba6 11. Ne5 Nd4 12. Qd1 O-O 13. Nc3 Qc7 14. Re1 Bd6 15. f4 dxc4 16. Bxa8 Rxa8 17. a4 Rd8 18. Ra3 Bb7 19. Kf2 h5 20. Nxc4 Ng4+ 21. Kf1 Nxh2+ 22. Kf2 Ng4+ 23. Kf1 Qc6 24. Ne4 f5 25. Ncxd6 Rxd6 26. Rb3 fxe4 0-1

[Event "53rd Indian Junior Open-ch 2024"]
[Site "Karnal"]
[Date "2024.09.20"]
[Round "7.5"]
[White "Adireddy Arjun"]
[Black "Sri Charan Sandipagu"]
[Result "1-0"]
[ECO "B33"]
[WhiteElo "2343"]
[BlackElo "1964"]
[Annotator "TA"]
[PlyCount "89"]
[EventDate "2024.09.16"]
[EventType "swiss"]
[EventCountry "IND"]
[SourceTitle "playchess.com"]
[Source "ChessBase"]
[SourceQuality "1"]
[TimeControl "5400+30"]

1. e4 c5 2. Nf3 Nc6 3. d4 cxd4 4. Nxd4 e5 5. Nb5 Nf6 6. N1c3 d6 7. Bg5 a6 8. Na3 b5 9. Bxf6 gxf6 10. Nd5 f5 11. Bd3 Be6 12. c3 Bg7 13. Qh5 f4 14. g3 Bxd5 15. exd5 Ne7 16. gxf4 {[%emt 0:00:00] White has more active pieces. White is slightly better.} (16. Bxh7 $2 Ng8 17. gxf4 Nf6 $19) 16... Nxd5 17. fxe5 (17. Bxh7 $2 Nxf4 (17... Nf6 $2 18. Qf3 $19) 18. Qf3 Rxh7 $19) ({White should play} 17. Qg4 $1 $16 O-O (17... Nxf4 $2 18. Qxg7 Nxd3+ 19. Kd2 $18) 18. fxe5) 17... Nf4 $11 18. Qf3 Nxd3+ 19. Qxd3 dxe5 20. Rd1 Qxd3 21. Rxd3 Ke7 22. Ke2 Ke6 23. Rhd1 Bf8 {[%emt 0:00:13] Dodges Rd6+} 24. Nc2 Be7 25. Re3 $36 {[%emt 0:00:00][%mdl 2048] Threatens to win with f4. White has good play.} f6 {[%emt 0:08:52] [#]} 26. f4 $1 Bc5 27. Nd4+ Bxd4 28. cxd4 $16 {[%emt 0:00:00][%mdl 4096] Endgame. KRR-KRR} e4 29. Rxe4+ Kd5 {[%emt 0:00:05] [#]} 30. Kd3 Rhg8 31. Rc1 Rg2 32. Rc5+ Kd6 33. f5 {[%emt 0:00:33] Strongly threatening Re6+.} Rxh2 $2 {[%emt 0:00:54] This costs Black the game.} (33... Kd7 $16 34. Re6 Rxb2 35. Rxf6 Rxa2 36. Rf7+ Kd6 37. Rxh7 Re8 38. Rh6+ Kd7) 34. Re6+ $18 Kd7 35. Rxf6 Rxb2 $2 (35... Rh1 36. Re5 Rh3+ 37. Ke4 Rd8 38. Rxa6 (38. Rd5+ Kc7 $18) 38... Rh4+ 39. Ke3 Kc7 40. Re7+ (40. Rxb5 Rdxd4 41. Ra7+ Kc6 $18) 40... Kb8) 36. d5 $2 (36. Rf7+ Kd6 37. Re5 (37. Rxh7 Rxa2 38. Rh6+ Kd7 $18)) 36... Rxa2 $2 (36... Rb1 37. Rcc6 Rh1 38. Rf7+ (38. Rxa6 Rxa6 39. Rxa6 h5 $16) 38... Ke8) 37. d6 Ra7 {[%emt 0:00:44] Repels Rc7+} 38. Re5 {[%emt 0:00:42] White threatens Re7+ and mate.} Ra8 39. Re7+ {[%emt 0:00:50] White mates.} Kc6 40. d7+ ({Inferior is} 40. Rxh7 Rd8 $14) 40... Kc5 41. Re8 ({Weaker is} 41. Rxh7 Rd8 $16) 41... Ra3+ 42. Ke4 Ra7 43. Rc8+ Kb4 44. d8=Q Rg7 45. Qf8+ {[%emt 0:00:04] Weighted Error Value: White=0.29 (precise) /Black=0.43.  Loses game:     	---       	Black=1      Mistake:       	White=2     	Black=2      Inaccurate:     	---       	Black=4      OK:         	White=7     	Black=8      Best:        	White=4     	Black=2      Strong:       	White=1     	---} 1-0

[Event "53rd Indian Junior Open-ch 2024"]
[Site "Karnal"]
[Date "2024.09.20"]
[Round "7.6"]
[White "Bhattacharyya Soham"]
[Black "Lakshmi Charan Naidu G"]
[Result "1-0"]
[ECO "E04"]
[WhiteElo "2425"]
[BlackElo "1912"]
[Annotator "TA"]
[PlyCount "65"]
[EventDate "2024.09.16"]
[EventType "swiss"]
[EventCountry "IND"]
[SourceTitle "playchess.com"]
[Source "ChessBase"]
[SourceQuality "1"]
[TimeControl "5400+30"]

1. d4 Nf6 2. c4 e6 3. g3 d5 4. Bg2 dxc4 5. Nf3 a6 6. O-O Nc6 7. e3 Rb8 8. Qe2 b5 9. b3 cxb3 10. axb3 {[%emt 0:00:05] White has an edge.} Be7 11. Rd1 {[%emt 0:04:46][%mdl 1024] White has compensation.} Bb7 12. e4 (12. Bd2 {was preferrable.}) 12... O-O 13. Nc3 Re8 14. Bb2 Nb4 15. Rac1 Bf8 16. h4 Qc8 17. e5 Nd7 18. Ne4 Bd5 19. Qe3 ({White should play} 19. Nd6 $1 $11 cxd6 20. Rxc8 Rexc8 21. Ng5) 19... Qb7 20. Nfg5 h6 21. Nh3 Rbc8 (21... a5 $15) 22. Nf4 $11 c5 $2 23. dxc5 $16 {[%emt 0:02:47] Strongly threatening Nxd5. White is more active.} Na2 $2 {[%emt 0:03:04][%mdl 8192] This move loses the game for Black.} (23... Bxe4 $16 {is more resistant.} 24. Bxe4 Nc6) 24. Ra1 $2 (24. Nxd5 exd5 25. Nd6 Bxd6 26. Bxd5 (26. cxd6 Nxc1 27. Bxd5 Qb6 $18)) 24... Nxc5 $2 (24... Nb4) 25. Nd6 $18 (25. Nxd5 exd5 26. Nf6+ (26. Nxc5 Bxc5 27. Bxd5 Qxd5 $14) 26... gxf6 $16) 25... Bxd6 26. exd6 {[%emt 0:00:03] Qd4 would now be deadly.} (26. Rxa2 Bxg2 27. exd6 Be4 $19) 26... Qd7 $2 (26... Bxg2 27. Nxg2 (27. Rxa2 Bh1 $17) 27... Red8 (27... Nb4 $2 28. Qd4 $18) 28. Rxa2 Nd7) 27. Rxa2 {[%emt 0:04:01][%cal Ob2g7] Hoping for Bxg7!} Bxb3 (27... Bxg2 $142 28. Nxg2 (28. Kxg2 Qc6+ 29. Kh2 e5 $18) 28... Rc6) 28. Raa1 ({Don't blunder} 28. Qe5 $2 f6 (28... Bxd1 29. Qxg7#) 29. Qe2 Bxa2 $19) 28... Bxd1 29. Rxd1 {[%emt 0:00:06] Black is weak on the dark squares} Na4 $2 {[%emt 0:04:01] [#]} (29... f6 30. Qd2 Kh7) 30. Bxg7 $1 {[%emt 0:02:29][%mdl 512] White threatens Nh5 and mate.} Kxg7 (30... Rc5 31. Be5) 31. Nh5+ {[%emt 0:00:28] White mates.} Kg6 {[%emt 0:00:07] [#]} 32. Nf6 $1 Rc3 (32... Nc3 33. h5+) 33. Be4+ {[%emt 0:00:56] Weighted Error Value: White=0.67/Black=0.87.  Loses game:     	---       	Black=1      Mistake:       	White=3     	Black=6      Inaccurate:     	White=2     	Black=2      OK:         	White=7     	Black=6      Best:        	White=1     	---        Brilliant:      	White=1     	---} 1-0

[Event "53rd Indian Junior Open-ch 2024"]
[Site "Karnal"]
[Date "2024.09.20"]
[Round "7.7"]
[White "Tarun V"]
[Black "Nagarkatte Vedant"]
[Result "0-1"]
[ECO "D36"]
[WhiteElo "1907"]
[BlackElo "2260"]
[Annotator "ChessBase"]
[PlyCount "144"]
[EventDate "2024.09.16"]
[EventType "swiss"]
[EventCountry "IND"]
[SourceTitle "playchess.com"]
[Source "ChessBase"]
[SourceQuality "1"]
[TimeControl "5400+30"]

1. d4 d5 2. Nf3 Nf6 3. c4 e6 4. cxd5 exd5 5. Bg5 Be7 6. Qc2 c6 7. Nc3 O-O 8. e3 h6 9. Bh4 Ne8 10. Bg3 Nd6 11. Bd3 Re8 12. O-O Nd7 13. Ne5 Nf6 14. f4 Bd7 15. Rae1 Rc8 16. Bh4 Nfe4 17. Bxe7 Qxe7 18. g4 f6 19. Ng6 Qf7 20. f5 c5 21. Nf4 cxd4 22. exd4 Nxc3 23. bxc3 Nb5 24. Rxe8+ Qxe8 25. Nxd5 Nxd4 26. Qf2 Nc6 27. Bc4 Kh8 28. Bb3 Qe4 29. Qf4 Qxf4 30. Rxf4 Ne5 31. h4 Rc5 32. h5 Be8 33. Kf1 Bb5+ 34. Kg1 Be8 35. Kf1 Bf7 36. Ne7 Bxb3 37. axb3 Rxc3 38. Re4 Rxb3 39. Ng6+ Kg8 40. Nxe5 fxe5 41. Rxe5 Rb4 42. Re7 Rxg4 43. Rxb7 Rf4+ 44. Kg2 Rxf5 45. Rxa7 Rxh5 46. Rb7 Kh7 47. Rb6 Rf5 48. Ra6 Rf6 49. Ra5 Kg6 50. Kh2 h5 51. Kg2 Kh6 52. Ra8 Rb6 53. Ra5 g5 54. Ra8 Kg6 55. Ra5 Rb2+ 56. Kg3 Rb3+ 57. Kg2 g4 58. Rc5 Rf3 59. Ra5 Rf5 60. Ra8 Kg5 61. Ra3 Rb5 62. Ra2 h4 63. Ra8 Rb2+ 64. Kg1 g3 65. Ra5+ Kg4 66. Ra4+ Kh3 67. Ra1 Rb4 68. Kh1 Kg4 69. Rc1 Rf4 70. Ra1 h3 71. Rb1 h2 72. Ra1 Kh3 0-1

[Event "53rd Indian Junior Open-ch 2024"]
[Site "Karnal"]
[Date "2024.09.20"]
[Round "7.8"]
[White "Jaiveer Mahendru"]
[Black "Arnav Agrawal"]
[Result "1-0"]
[ECO "B90"]
[WhiteElo "2246"]
[BlackElo "1888"]
[Annotator "RC"]
[PlyCount "71"]
[EventDate "2024.09.16"]
[EventType "swiss"]
[EventCountry "IND"]
[SourceTitle "playchess.com"]
[Source "ChessBase"]
[SourceQuality "1"]
[TimeControl "5400+30"]

1. e4 c5 2. Nf3 d6 3. d4 cxd4 4. Nxd4 Nf6 5. Nc3 a6 6. Be3 e5 7. Nf3 Be7 8. Nd2 b5 9. a4 b4 10. Nd5 Nxd5 11. exd5 Nd7 12. a5 O-O 13. Nc4 f5 14. Qd2 Nf6 15. O-O-O Bb7 16. Qxb4 Bxd5 17. Nb6 Bb7 18. Nxa8 Qxa8 19. f3 f4 20. Bb6 Re8 21. Qb3+ Kh8 22. Be2 Rc8 23. g3 Nd5 24. Kb1 Bf6 25. Rhf1 Bd8 26. gxf4 Nxf4 27. Bxd8 Rxd8 28. Bc4 d5 29. Qb6 Re8 30. Bb3 Qb8 31. Rg1 d4 32. Rde1 d3 33. cxd3 Qc8 34. Rc1 Qd7 35. Rc7 Qxd3+ 36. Bc2 1-0

[Event "53rd Indian Junior Open-ch 2024"]
[Site "Karnal"]
[Date "2024.09.20"]
[Round "7.9"]
[White "Arul Prakash N"]
[Black "Aniruddh Chatterjee"]
[Result "1/2-1/2"]
[ECO "A29"]
[WhiteElo "1922"]
[BlackElo "2171"]
[Annotator "RC"]
[PlyCount "113"]
[EventDate "2024.09.16"]
[EventType "swiss"]
[EventCountry "IND"]
[SourceTitle "playchess.com"]
[Source "ChessBase"]
[SourceQuality "1"]
[TimeControl "5400+30"]

1. c4 e5 2. Nc3 Nf6 3. Nf3 Nc6 4. g3 Bb4 5. Nd5 Bc5 6. Bg2 d6 7. O-O O-O 8. e3 Bg4 9. h3 Bf5 10. d4 Bb6 11. Nh4 Bd7 12. Nxb6 axb6 13. Nf3 Re8 14. b3 e4 15. Nd2 Nb4 16. a3 b5 17. Rb1 Nd3 18. Qc2 d5 19. cxd5 Bf5 20. f3 exf3 21. Nxf3 Bg6 22. Qd2 Nxd5 23. Nh4 Nxc1 24. Nxg6 hxg6 25. e4 Ne2+ 26. Qxe2 Nc3 27. Qf2 Qxd4 28. Qxd4 Ne2+ 29. Kh2 Nxd4 30. Rbd1 Ne6 31. e5 Re7 32. Bxb7 Rxa3 33. Bd5 Ra2+ 34. Kh1 Re2 35. Bxe6 fxe6 36. Rd8+ Kh7 37. h4 g5 38. h5 g6 39. g4 gxh5 40. gxh5 g4 41. Rff8 Kh6 42. Rf6+ Kxh5 43. Rh8+ Kg5 44. Rg8+ Kh4 45. Rf4 Kh3 46. Rfxg4 Re1+ 47. Rg1 Rxg1+ 48. Kxg1 Rd7 49. Rg6 Rd3 50. Rxe6 Kg3 51. Rg6+ Kf3 52. Rc6 Rxb3 53. Rxc7 Re3 54. Rc5 b4 55. Rb5 b3 56. e6 Kg3 57. Kf1 1/2-1/2

[Event "53rd Indian Junior Open-ch 2024"]
[Site "Karnal"]
[Date "2024.09.21"]
[Round "8.2"]
[White "Manish Anto Cristiano F"]
[Black "Madhvendra Pratap Sharma"]
[Result "1/2-1/2"]
[ECO "D34"]
[WhiteElo "2364"]
[BlackElo "2061"]
[Annotator "TA"]
[PlyCount "167"]
[EventDate "2024.09.16"]
[EventType "swiss"]
[EventCountry "IND"]
[SourceTitle "playchess.com"]
[Source "ChessBase"]
[SourceQuality "1"]
[TimeControl "5400+30"]

1. Nf3 d5 2. g3 c5 3. c4 e6 4. cxd5 exd5 5. d4 Nc6 6. Nc3 Nf6 7. Bg2 Be7 8. O-O O-O 9. dxc5 Bxc5 10. Na4 Be7 11. Be3 Bg4 12. h3 Bh5 13. Nd4 Qa5 (13... Re8 $11) 14. Nc3 $14 {[%emt 0:06:56] White is slightly better.} Rad8 15. a3 Qa6 16. Re1 Bg6 17. Qa4 Qxa4 18. Nxa4 Na5 19. Bd2 Nc4 20. Bb4 Rfe8 21. Bxe7 Rxe7 22. Rec1 Be4 23. b3 Bxg2 24. Kxg2 Nd6 25. e3 Nfe8 26. Rc5 {[%emt 0:03:44] White is more active.} b6 (26... Ne4 $14) 27. Rxd5 $16 {[%emt 0:01:22] And now Nc6 would win.} Nf6 {[%emt 0:01:23] [#]} 28. Rxd6 Rxd6 29. Nf5 $1 Red7 30. Nxd6 Rxd6 {[%emt 0:00:01][%mdl 4096] Endgame. KRN-KRN} 31. Rc1 {[%emt 0:00:24] White threatens Rc8+ and mate.} g6 32. Rc7 Ne4 33. Nc3 ({Much worse is} 33. Rxa7 $6 b5 $11) 33... Nxc3 34. Rxc3 {[%emt 0:00:10] KR-KR} Rd2 35. Rc7 Rd3 36. Rxa7 Rxb3 37. g4 h6 38. Kf3 Rb2 39. Ra4 Rb3 40. Ke4 b5 41. Ra5 Kg7 42. h4 Rc3 43. f4 b4 44. axb4 Rc4+ 45. Kf3 Rxb4 46. h5 gxh5 47. Rxh5 Kg6 48. Ra5 Kg7 49. Ra3 Kg6 50. Ra6+ Kg7 51. Ra5 Kg6 52. Ra3 Rb1 53. Ra6+ Kg7 54. Rd6 Rb4 55. Rd4 Rb6 56. Rd3 Kg6 57. e4 (57. Rd1 $16) 57... f6 $1 $11 58. Rd7 {[%emt 0:01:28] [#] Threatens to win with f5+.} Rb3+ 59. Kf2 h5 60. gxh5+ Kxh5 61. Rg7 Kh6 62. Rg3 Rb2+ 63. Kf3 Rb3+ 64. Kg4 Rb5 65. Rd3 {[%emt 0:01:05] Rd5 would now be deadly.} Kg6 66. Rd7 f5+ {[%emt 0:00:10] The position is equal.} 67. exf5+ Rxf5 68. Rd6+ Rf6 69. f5+ Kg7 70. Rd7+ Kf8 71. Kg5 Ra6 72. Rb7 Kg8 73. Rb8+ Kg7 74. Rb1 Kf7 75. Rc1 Kg7 76. Rh1 Ra2 77. f6+ Kf8 78. Rh4 Rg2+ 79. Rg4 Rxg4+ 80. Kxg4 Kf7 81. Kf5 Kf8 82. Ke6 {[%emt 0:00:07] f7 would kill now.} (82. Kg6 $5 Kg8 $8 83. Kh5 $11) 82... Ke8 83. f7+ Kf8 84. Kf6 {[%emt 0:00:05] Weighted Error Value: White=0.08 (flawless) /Black=0.09 (flawless) .  Mistake:       	White=1     	Black=2      Inaccurate:     	White=2     	Black=1      OK:         	White=28    	Black=24     Best:        	White=2     	Black=8      Strong:       	---       	Black=1} 1/2-1/2

[Event "53rd Indian Junior Open-ch 2024"]
[Site "Karnal"]
[Date "2024.09.21"]
[Round "8.3"]
[White "Mukund Hemant Agarwal"]
[Black "Bhattacharyya Soham"]
[Result "*"]
[ECO "B12"]
[WhiteElo "2073"]
[BlackElo "2425"]
[Annotator "TA"]
[PlyCount "63"]
[EventDate "2024.09.16"]
[EventType "swiss"]
[EventCountry "IND"]
[SourceTitle "playchess.com"]
[Source "ChessBase"]
[SourceQuality "1"]
[TimeControl "5400+30"]

1. e4 c6 2. d4 d5 3. e5 Bf5 4. Nf3 e6 5. Be2 Nd7 6. O-O a5 7. a4 f6 8. Nh4 (8. Bd3 $14) 8... Be4 (8... fxe5 {was preferrable.} 9. Nxf5 exf5) 9. f3 fxe5 {[%emt 0:00:37] aiming for ...Bxc2.} 10. fxe4 Qxh4 11. Nd2 Bd6 12. Nf3 Qxe4 (12... Qe7 $1 $11) 13. h3 $1 $36 {[%emt 0:02:30][%mdl 2048] Strongly threatening Bd3. White has strong initiative.} Qg6 {[%emt 0:07:13] Threatens to win with ...Ngf6.} 14. Nxe5 $1 Qg3 (14... Nxe5 $2 {too greedy.} 15. Bh5 O-O-O 16. Bxg6 Nxg6 17. Qe1 $18) (14... Bxe5 $142 15. Bh5 (15. dxe5 Qe4 $16) 15... Bxd4+ 16. Kh1 e5 17. Bxg6+ hxg6) 15. Rf3 Qh4 16. Nf7 Qe7 17. Nxh8 Ngf6 18. c4 O-O-O 19. c5 Bc7 {[%emt 0:02:39] [#]} (19... Bb8 $142 20. b4 Rxh8 21. bxa5 e5) 20. b4 $1 {[%emt 0:00:24][%cal Ob4a5] bxa5! would now be deadly.} e5 {[%emt 0:03:04] [#]} 21. b5 $1 Rxh8 22. bxc6 bxc6 {[%emt 0:00:01] [#]} 23. Be3 (23. Qd3 $1 $18 Nb8 24. Re3) 23... Kd8 24. Rc1 Re8 25. Ba6 $1 Nb8 (25... exd4 $14 26. Bxd4 Ne4) 26. Bf1 (26. dxe5 $16 Qxe5 27. Bf4) 26... Nbd7 $14 27. Qb3 {[%emt 0:01:21] Black must now prevent Qb7.} Qe6 $2 (27... exd4 $1 $11 28. Bxd4 Ne4) 28. Qb1 {[%emt 0:00:25] White is more active.} (28. Qb7 $16) 28... Ke7 $2 {[%emt 0:02:41] [#]} (28... exd4 $1 $11 {and Black stays safe.} 29. Bxd4 Qe4) 29. Qf5 $2 (29. Qb7 $1 $18 Bb8 30. Qa6) 29... Qxf5 $11 30. Rxf5 Ke6 31. Rf2 Rb8 32. Bd3 {[%emt 0:00:41] White really could win this.   Weighted Error Value: White=0.40/Black=0.42.  Loses game:     	---       	Black=2      Missed win:     	White=2     	---        Mistake:       	White=3     	Black=5      Inaccurate:     	White=2     	Black=1      OK:         	White=9     	Black=11     Best:        	White=1     	Black=2      Strong:       	White=3     	---        Brilliant:      	White=1     	---} *

[Event "53rd Indian Junior Open-ch 2024"]
[Site "Karnal"]
[Date "2024.09.21"]
[Round "8.4"]
[White "Daksh Goyal"]
[Black "Adireddy Arjun"]
[Result "0-1"]
[ECO "A07"]
[WhiteElo "2026"]
[BlackElo "2343"]
[Annotator "RC"]
[PlyCount "109"]
[EventDate "2024.09.16"]
[EventType "swiss"]
[EventCountry "IND"]
[SourceTitle "playchess.com"]
[Source "ChessBase"]
[SourceQuality "1"]
[TimeControl "5400+30"]

1. Nf3 d5 2. g3 c6 3. Bg2 Bg4 4. O-O Nd7 5. h3 Bh5 6. d4 Ngf6 7. c4 e6 8. cxd5 cxd5 9. Ne5 Bd6 10. f4 Bg6 11. Nc3 O-O 12. Nxg6 hxg6 13. e3 Rc8 14. Bd2 Nb6 15. b3 Qd7 16. a4 Rc6 17. a5 Nc8 18. g4 Bb4 19. Na4 Bxd2 20. Qxd2 Nd6 21. Nc5 Qe7 22. g5 Nd7 23. Nd3 Rfc8 24. Rfc1 Nf5 25. Bf3 Qd8 26. Be2 Nd6 27. Rxc6 Rxc6 28. Nb4 Rc8 29. a6 Ne4 30. Qe1 b6 31. Bd3 Qc7 32. Bxe4 dxe4 33. Ra2 Qd6 34. Rc2 Rxc2 35. Nxc2 Nb8 36. Qc3 Qd7 37. Nb4 e5 38. fxe5 Qxh3 39. d5 Nd7 40. e6 fxe6 41. Qc8+ Nf8 42. dxe6 Qxe3+ 43. Kf1 Qf3+ 44. Ke1 Qxb3 45. Nc6 Qc3+ 46. Kd1 Qd3+ 47. Kc1 Qc4+ 48. Kd1 Qxe6 49. Nxa7 Qb3+ 50. Kc1 e3 51. Qe8 Qc3+ 52. Kb1 Qd3+ 53. Kb2 e2 54. Nc6 Qd2+ 55. Kb3 0-1